 Dungeon Crawl Stone Soup version 0.17-a0-1989-gfb2cd5c (webtiles) character file.

15927 Burgietje the Fencer (level 12, -5/113 HPs)
             Began as a Minotaur Berserker on Oct 6, 2015.
             Was the Champion of Trog.
             Slain by an ice beast (10 damage)
             ... in an ice cave.
             The game lasted 00:34:50 (14738 turns).

Burgietje the Fencer (Minotaur Berserker)          Turns: 14738, Time: 00:34:50

Health: -5/113     AC: 15    Str: 22    XL:     12   Next: 5%
Magic:  3/3        EV:  7    Int:  9    God:    Trog [******]
Gold:   1572       SH:  0    Dex: 19    Spells: 0 memorised, 11 levels left

rFire  + . .     SeeInvis .     s - +2 great sword (antimagic)
rCold  . . .     Clarity  +     p - +0 plate armour
rNeg   . . .     SustAt   .     (no shield)
rPois  .         Gourm    .     (helmet restricted)
rElec  .         Spirit   .     e - +1 cloak
rCorr  .         Warding  .     (no gloves)
rMut   .         Stasis   .     a - +0 pair of boots
MR     .....                    j - amulet of clarity
Stlth  ..........               z - ring "Plog" {+Fly rF+ Int+5}
                                w - +4 ring of dexterity

@: exhausted, not resistant to hostile enchantments, extremely unstealthy
A: retaliatory headbutt, horns 2
a: Burn Spellbooks, Berserk, Trog's Hand, Brothers in Arms, Renounce Religion,
Evoke Flight


You were in an ice cave.
You worshipped Trog.
Trog was exalted by your worship.
You were not hungry.

You visited 2 branches of the dungeon, and saw 14 of its levels.
You also visited: Ice Cave.

You collected 1572 gold pieces.

Inventory:

Hand Weapons
 d - a +2 falchion of holy wrath
 s - a +2 antimagic great sword (weapon)
Missiles
 g - 493 stones (quivered)
Armour
 a - a +0 pair of boots (worn)
 e - a +1 cloak (worn)
 p - a +0 plate armour (worn)
Jewellery
 j - an amulet of clarity (around neck)
 o - an uncursed ring of protection from cold
 w - a +4 ring of dexterity (left hand)
 z - the ring "Plog" (right hand) {+Fly rF+ Int+5}
   (You took it off an orc on level 9 of the Dungeon)

   [ring of protection from fire]

   It affects your intelligence (+5).
   It protects you from fire.
   It lets you fly.
Wands
 b - a wand of slowing (9)
 x - a wand of lightning (14)
Scrolls
 f - 2 scrolls of teleportation
 h - a scroll of fog
 r - 5 scrolls of remove curse
 y - a scroll of fear
 A - a scroll of recharging
Potions
 i - 2 potions of lignification
 k - a potion of heal wounds
 n - a potion of haste
 q - a potion of magic {unknown}
 t - 4 potions of curing
 u - 2 potions of might
 v - 4 potions of flight {unknown}
 D - 3 potions of brilliance
Comestibles
 c - 15 bread rations
 l - 6 beef jerkies
 m - 14 chunks of flesh
 B - 2 meat rations


   Skills:
 + Level 12.8 Fighting
 - Level 18.1 Long Blades
 + Level 5.4 Armour
 - Level 2.1 Dodging


You had 11 spell levels left.
You didn't know any spells.

Dungeon Overview and Level Annotations

Branches:
Dungeon (11/15)            Temple (0/1) D:6            Lair (0/8) D:11
    Orc (3/4) D:9             Elf (0/3) Orc:3

Altars:
Ashenzari
Fedhas
Kikubaaqudgha
Sif Muna
Yredelemnul
The Shining One
Beogh

Shops:
D:6 [   D:9 %**


Innate Abilities, Weirdness & Mutations

You reflexively headbutt those who attack you in melee.
You have a pair of horns on your head.


Message History

There is an ice choked empty arch of ancient stone here.
The ice beast hits you. The ice beast freezes you!
The ice beast hits you but does no damage.
The ice beast hits you.
* * * LOW HITPOINT WARNING * * *
The ice beast freezes you!
* * * LOW HITPOINT WARNING * * *
You are too injured to fight recklessly!
You are too injured to fight recklessly!
You are too injured to fight recklessly!
The ice beast hits you but does no damage.
The ice beast hits you.
* * * LOW HITPOINT WARNING * * *
The ice beast freezes you!
* * * LOW HITPOINT WARNING * * *
You feel yourself speed up. The ice beast hits you.
* * * LOW HITPOINT WARNING * * *
The ice beast freezes you!
You die...

#### ##..##
###
##....##..##
#....Y.....##
#.∩.@YY.....#
#....Y..##....
##....### #
##..## ####


You could see 4 ice beasts.

Vanquished Creatures
  Snorg (Orc:1)
  An ice dragon (Orc:3)
  Erolcha (Orc:1)
  Nergalle (Orc:1)
  The ghost of Thumann the Protected, a novice MiBe of Trog (D:9)
  A hill giant (D:11)
  An ugly thing (D:11)
  Maurice (D:9)
  Joseph (D:7)
  A centaur skeleton (D:9)
  4 trolls
  The ghost of AvylaarBelgium the Thaumaturge, a novice DECj of Vehumet (D:5)
  2 polar bears (Orc:3)
  Grinder (D:5)
  A spriggan (D:8)
  A deep elf mage (D:11)
  14 yaks
  2 hungry ghosts (D:11)
  3 hippogriffs
  The ghost of P0WERM0DE the Chiller, an amateur DrIE of Makhleb (D:3)
  2 mottled dragons (D:11)
  A wolf (Orc:3)
  3 wargs
  A sky beast (D:11)
  An ice beast (D:10)
  6 orc warriors
  A water moccasin (D:7)
  A wasp (D:10)
  5 ogres
  A crocodile (D:11)
  3 big kobolds
  4 centaurs
  5 giant frogs
  2 scorpions
  4 killer bees
  8 wights
  An electric eel (D:8)
  4 crimson imps
  A quasit (D:9)
  A centaur zombie (D:11)
  A giant frog zombie (D:8)
  4 giant frog skeletons
  2 hounds
  12 worker ants
  Crazy Yiuf (D:5)
  Ijyb (D:3)
  2 iguanas
  3 jellies
  21 orc wizards
  20 orc priests
  A killer bee zombie (D:7)
  A hound zombie (D:6)
  2 hound skeletons
  6 gnolls
  2 worker ant zombies
  20 adders
  A shadow imp (D:8)
  An ooze (D:1)
  An adder skeleton (D:5)
  5 worms
  3 giant geckos
  96 orcs
  14 bats
  4 giant cockroaches
  7 hobgoblins
  14 jackals
  5 quokkas
  2 ball pythons (D:1)
  A giant gecko zombie (D:7)
  7 giant newts
  11 goblins
  A jackal skeleton (D:8)
  A jackal zombie (D:7)
  22 kobolds
  5 rats
395 creatures vanquished.

Notes
Turn   | Place    | Note
--------------------------------------------------------------
     0 | D:1      | Burgietje the Minotaur Berserker began the quest for the Orb.
     0 | D:1      | Reached XP level 1. HP: 19/19 MP: 0/0
   134 | D:1      | Reached skill level 4 in Long Blades
   134 | D:1      | Reached XP level 2. HP: 21/27 MP: 1/1
   921 | D:2      | Reached XP level 3. HP: 32/34 MP: 2/2
   938 | D:2      | Acquired Trog's second power
   946 | D:2      | Found an ancient bone altar of Kikubaaqudgha.
  1179 | D:2      | Reached XP level 4. HP: 33/41 MP: 3/3
  1211 | D:2      | Found a blossoming altar of Fedhas.
  1339 | D:2      | Reached skill level 5 in Long Blades
  1421 | D:2      | Reached skill level 5 in Fighting
  1851 | D:3      | Reached XP level 5. HP: 46/49 MP: 4/4
  2364 | D:3      | Noticed P0WERM0DE's ghost (amateur DrIE)
  2378 | D:3      | Killed P0WERM0DE's ghost
  2378 | D:3      | Reached skill level 6 in Fighting
  2378 | D:3      | Reached XP level 6. HP: 14/58 MP: 5/5
  2389 | D:3      | Noticed Ijyb
  2396 | D:3      | HP: 2/58 [Ijyb/club (1)]
  2399 | D:3      | Killed Ijyb
  2899 | D:4      | Reached skill level 7 in Fighting
  3232 | D:4      | Reached XP level 7. HP: 42/66 MP: 6/6
  3340 | D:4      | Found a glowing golden altar of the Shining One.
  3355 | D:4      | Acquired Trog's third power
  3655 | D:5      | Entered Level 5 of the Dungeon
  3734 | D:5      | Reached skill level 8 in Fighting
  3874 | D:5      | Noticed Grinder
  3888 | D:5      | Killed Grinder
  4081 | D:5      | Noticed AvylaarBelgium's ghost (novice DECj)
  4093 | D:5      | Killed AvylaarBelgium's ghost
  4093 | D:5      | Reached skill level 9 in Fighting
  4093 | D:5      | Reached XP level 8. HP: 57/78 MP: 7/7
  4323 | D:5      | Noticed Crazy Yiuf
  4328 | D:5      | Killed Crazy Yiuf
  4667 | D:6      | Found Zygez's Armour Shop.
  4810 | D:6      | Reached skill level 10 in Fighting
  5001 | D:6      | Reached skill level 10 in Long Blades
  5056 | D:6      | Found a staircase to the Ecumenical Temple.
  5780 | D:6      | Reached XP level 9. HP: 47/86 MP: 8/8
  6045 | D:7      | Found a deep blue altar of Sif Muna.
  6045 | D:7      | Found a basalt altar of Yredelemnul.
  6046 | D:7      | Noticed Joseph
  6074 | D:7      | Killed Joseph
  6074 | D:7      | Reached skill level 11 in Fighting
  7477 | D:7      | Found a shattered altar of Ashenzari.
  8080 | D:8      | Reached skill level 12 in Fighting
  8229 | D:9      | Found Mann's Assorted Antiques.
  8229 | D:9      | Noticed Thumann's ghost (novice MiBe)
  8246 | D:9      | Killed Thumann's ghost
  8256 | D:9      | Found Onnuogupt's General Store.
  8439 | D:9      | Received a gift from Trog
  8442 | D:9      | Got a shimmering lajatang {god gift}
  8453 | D:9      | Identified the +3 lajatang "Seoloscho" {slice, SInv} (Trog gifted it to you on level 9 of the Dungeon)
  8483 | D:9      | Found a staircase to the Orcish Mines.
  8498 | D:9      | Reached XP level 10. HP: 86/97 MP: 9/9
  8518 | D:9      | Reached skill level 13 in Long Blades
  8813 | D:9      | Noticed a centaur skeleton
  8820 | D:9      | Killed a centaur skeleton
  8822 | D:9      | Noticed Maurice
  8842 | D:9      | Killed Maurice
  8842 | D:9      | Reached skill level 14 in Long Blades
  8845 | D:9      | Found Eki Fil's Food Shoppe.
  8894 | D:9      | Got a fine jade ring
  9038 | D:9      | Identified the ring "Plog" {+Fly rF+ Int+5} (You took it off an orc on level 9 of the Dungeon)
  9045 | D:10     | Entered Level 10 of the Dungeon
  9635 | D:11     | Reached skill level 15 in Long Blades
 10191 | D:11     | Found a staircase to the Lair.
 10193 | D:11     | Noticed a hill giant
 10223 | D:11     | Killed a hill giant
 10392 | D:11     | Noticed a green ugly thing
 10403 | D:11     | Reached XP level 11. HP: 71/104 MP: 10/10
 10422 | D:11     | Killed a green ugly thing
 10422 | D:11     | Reached skill level 16 in Long Blades
 11796 | Orc:1    | Entered Level 1 of the Orcish Mines
 11810 | Orc:1    | Noticed Nergalle
 11835 | Orc:1    | Killed Nergalle
 11835 | Orc:1    | Reached skill level 17 in Long Blades
 12166 | Orc:1    | Noticed Snorg
 12190 | Orc:1    | Killed Snorg
 12195 | Orc:1    | Noticed Erolcha
 12681 | Orc:1    | Killed Erolcha
 12907 | Orc:1    | Found a roughly hewn altar of Beogh.
 12918 | Orc:1    | Reached skill level 18 in Long Blades
 13366 | Orc:2    | Found a roughly hewn altar of Beogh.
 13790 | Orc:2    | Found a roughly hewn altar of Beogh.
 13801 | Orc:2    | Received a gift from Trog
 14268 | Orc:3    | Found a staircase to the Elven Halls.
 14669 | Orc:3    | Found a frozen archway.
 14671 | Orc:3    | Noticed an ice dragon
 14698 | Orc:3    | Killed an ice dragon
 14698 | Orc:3    | Reached skill level 5 in Armour
 14698 | Orc:3    | Reached XP level 12. HP: 55/113 MP: 3/11
 14734 | IceCv    | Entered an ice cave
 14738 | IceCv    | HP: 5/113 [ice beast (2)]
 14738 | IceCv    | Slain by an ice beast

Vault maps used:
D:1:      dpeg_arrival_three_smaller_balls
D:2:      nicolae_overflow_crystal_walls, kiku_gazebo_pond_becter,
          minmay_misc_feat_roman, minmay_misc_feat_rugged, serial_bayou_ford_a
D:3:      kennysheep_the_goblin_king
D:4:      kennysheep_little_box
D:5:      first_bread, kennysheep_potato, uniq_grinder, uniq_crazy_yiuf_cottage
D:6:      minmay_temple_entry_mist, serial_shops, shop
D:7:      grunt_temple_overflow_open, cheibrodos_ashenzari_chains, uniq_joseph
D:8:      the_bakery, hangedman_abyss_or_decor_clamps, minivault_14
D:9:      serial_shops, nicolae_shop_crystal, nicolae_shop_stone, shop,
          uniq_maurice
D:11:     lair_0_dummy
Orc:1:    minmay_orc_temple_a, uniq_snorg, uniq_erolcha, uniq_nergalle
Orc:2:    lemuel_ogre_cave, basic_altar, mines2_david
Orc:3:    portal_ice_cave_entry_animals_and_master, nicolae_orc_pool_cavern
IceCv:    ice_cave_small_dragons

Action                   |  1- 3 |  4- 6 |  7- 9 | 10-12 || total
-------------------------+-------+-------+-------+-------++-------
Melee: Falchion          |    93 |   154 |   368 |   595 ||  1210
       Great sword       |       |       |       |    93 ||    93
Invok: Berserk           |       |     1 |     3 |     5 ||     9
       Burn Spellbooks   |       |       |     3 |       ||     3
  Use: Scroll            |       |       |    16 |     4 ||    20
 Stab: Distracted        |       |       |     1 |       ||     1
  Eat: Chunk             |     1 |     8 |    18 |    11 ||    38
       Pizza             |       |       |     1 |       ||     1
       Meat ration       |       |       |       |     3 ||     3
